 Dungeon Crawl Stone Soup version 0.31-a0-217-g58bb5d79cf (webtiles) character file.

Game seed: 6683885926515173434

1536 qw the Skirmisher (level 8, -3/71 HPs)
             Began as a Minotaur Hexslinger on July 2, 2023.
             Slain by a wyvern (37 damage)
             ... on level 7 of the Dungeon.
             The game lasted 00:02:22 (5818 turns).

qw the Skirmisher (Minotaur Hexslinger)             Turns: 5818, Time: 00:02:23

Health: -3/71      AC:  7    Str: 13    XL:     8   Next: 56%
Magic:  8/8        EV:  2    Int: 10    God:
Gold:   38         SH:  0    Dex: 15    Spells: 8/9 levels left

rFire   + . .        i - +0 arbalest
rCold   . . .        (shield currently unavailable)
rNeg    . . .        g - +0 ring mail
rPois   .            (helmet restricted)
rElec   .            p - +0 cloak
rCorr   .            (no gloves)
SInv    .            f - +0 pair of boots
Will    .....        (no amulet)
Stlth   +            a - +5 ring of evasion
HPRegen 0.31/turn    o - ring of protection from fire
MPRegen 0.11/turn

%: no passive effects
@: sleeping
A: horns 2, retaliatory headbutt
a: no special abilities


You were on level 7 of the Dungeon.
You visited 2 branches of the dungeon, and saw 8 of its levels.
You also visited: Ossuary.

You collected 470 gold pieces.
You spent 432 gold pieces at shops.


Innate Abilities, Weirdness & Mutations

You have a pair of horns on your head.
You reflexively headbutt those who attack you in melee.


   Skills:
 - Level 6.3 Fighting
 + Level 9.8 Ranged Weapons
 - Level 2.2 Armour
 - Level 3.6 Dodging
 - Level 1.0 Spellcasting
 - Level 2.0 Hexes


You had 8 spell levels left.
You knew the following spells:

 Your Spells              Type           Power      Damage    Failure   Level
a - Slow                  Hex            16%        N/A       32%         1

Your spell library contained the following spells:

 Spells                   Type           Power      Damage    Failure   Level
 Inner Flame              Hex/Fire       2%         N/A       82%         3
 Portal Projectile        Hex/Tloc       4%         N/A       82%         3
 Cause Fear               Hex            2%         N/A       97%         4

Inventory:

Hand Weapons
 i - a +0 arbalest (weapon)
Armour
 f - a +0 pair of boots (worn)
 g - a +0 ring mail (worn)
 p - a +0 cloak (worn)
Jewellery
 a - a +5 ring of evasion (left hand)
 o - a ring of protection from fire (right hand)
 Y - a ring of protection from cold
Scrolls
 m - 2 scrolls of identify
Potions
 c - a potion of might
 d - a potion of mutation
 k - a potion of cancellation

Dungeon Overview and Level Annotations

Branches:
Dungeon (7/15)             Temple (1/1) D:6         Ossuary (visited)

Altars:
Ashenzari
Cheibriados
Dithmenos
Makhleb
Qazlal
Ru
Sif Muna
Trog
Uskayaw
Vehumet
Wu Jian
Xom
Yredelemnul

Shops:
D:1 =   D:6 =

Annotations:
D:3 2 runed translucent doors, Crazy Yiuf; qw's ghost, amateur GrHs
D:7 Prince Ribbit


Message History

What level of the Dungeon? (default 1, ? - help)
There is a stone staircase leading down here.
You climb downwards.
There is a stone staircase leading up here.
Waypoint 8 assigned to D:7.
Found 8 stones.
Found a hand axe.
Prince Ribbit and a phantom come into view.
Found a stone staircase leading down.
Prince Ribbit gives a loud, deep croak!
A wyvern comes into view.
Prince Ribbit moves out of view.
You shoot a bolt. The bolt closely misses the phantom.
The wyvern hisses angrily.
A sleepcap comes into view.
You shoot a bolt. The bolt closely misses Prince Ribbit.
Prince Ribbit barely misses you. You furiously retaliate!
You headbutt Prince Ribbit. You shoot a bolt. The bolt misses Prince Ribbit.
The bolt hits the phantom!
The phantom is moderately damaged.
Prince Ribbit hits you. Prince Ribbit misses you. You furiously retaliate!
You headbutt Prince Ribbit. You shoot a bolt.
The bolt barely misses Prince Ribbit.
The bolt barely misses the phantom.
The bolt completely misses the sleepcap.
The wyvern barely misses you. Prince Ribbit hits you! The wyvern bites you.
Prince Ribbit completely misses you. The wyvern bites you!
You shoot a bolt. The bolt hits Prince Ribbit!
Prince Ribbit is heavily wounded.
Prince Ribbit blinks!
The wyvern completely misses you. The wyvern barely misses you.
You shoot a bolt. The bolt barely misses the wyvern.
The bolt hits the phantom!
The phantom is severely damaged.
The wyvern bites you but does no damage.
Prince Ribbit lets out a mournful croak.
Prince Ribbit blinks!
The sleepcap releases spores at you.
You are engulfed in a cloud of soporific spores!
You fall asleep.
The wyvern bites you!!!
Ouch! That really hurt!
You die...

#...#.. ..#.#.#...#
#...#.#...# #.....#...#
####.##.....(##
#.......##....#
#.###.........#
#.#####.# #...#.....#
#.Wl@...# ##.........
......f#########.#.....#
.ยค..... #.......##....#
..).... #....#####....#
....... #... #<...#
...>... ... #.....
....... #. #.####
.....F. # #.# #.#


You could see Prince Ribbit, a wyvern, a phantom and a sleepcap.

Vanquished Creatures
  A water moccasin (D:6)
  An orc warrior (D:6)
  A phantom (D:4)
  2 bullfrogs (D:6)
  2 scorpions
  A centaur zombie (Ossuary)
  A hound (D:4)
  A jelly (D:6)
  2 orc priests
  2 gnoll boudas
  A sleepcap (D:6)
  3 iguanas
  6 orc wizards
  4 ogre zombies (Ossuary)
  8 mummies
  Robin (D:3)
  8 adders
  11 gnolls
  3 white imps
  2 ufetubi
  7 adder zombies (Ossuary)
  A worm (D:2)
  3 dart slugs
  20 orcs
  6 ball pythons
  3 endoplasms
  14 goblins
  11 hobgoblins
  2 jackals (D:2)
  9 kobolds
  4 quokkas
  12 bats
  3 frilled lizards (D:1)
  A goblin zombie (Ossuary)
  8 hobgoblin zombies (Ossuary)
  3 kobold zombies (Ossuary)
  4 quokka zombies (Ossuary)
  4 rats
  2 rat zombies (Ossuary)
178 creatures vanquished.

Notes
Turn   | Place    | Note
-------+----------+-------------------------------------------
     0 | D:1      | qw the Minotaur Hexslinger began the quest for the Orb.
     0 | D:1      | Reached XP level 1. HP: 16/16 MP: 1/1
     0 | D:1      | 0 ||| qw: Version: 0.3-a-40-ge99b1a8
     0 | D:1      | 0 ||| qw: Game counter: 116
     0 | D:1      | 0 ||| qw: Melee chars always use a shield: true
     0 | D:1      | 0 ||| qw: God list: Okawaru
     0 | D:1      | 0 ||| qw: Allow faded altars: false
     0 | D:1      | 0 ||| qw: Do Orc after clearing Dungeon:15 true
     0 | D:1      | 0 ||| qw: Do second Lair branch before Depths: true
     0 | D:1      | 0 ||| qw: Lair rune preference: random
     0 | D:1      | 0 ||| qw: Goals: Normal
     0 | D:1      | 0 ||| PLANNING D:1-11
   128 | D:1      | 128 ||| FLEEEEING.
   130 | D:1      | 130 ||| FLEEEEING.
   139 | D:1      | Reached skill level 3 in Ranged Weapons
   139 | D:1      | Reached XP level 2. HP: 23/23 MP: 2/2
   175 | D:1      | HP: 4/23 [kobold/+0 whip (2)]
   181 | D:1      | HP: 3/23 [hobgoblin (3)]
   644 | D:1      | Found Ryjawk's One-of-a-Kind Rings.
   651 | D:1      | 651 ||| SHOPLISTING +2 ring of slaying (252 gold, have 40).
   651 | D:1      | 651 ||| SHOPLISTING +3 ring of dexterity (120 gold, have
                  | 40).
   651 | D:1      | 651 ||| SHOPLISTING +7 ring of dexterity (540 gold, have
                  | 40).
   651 | D:1      | 651 ||| SHOPLISTING ring "Iffyopn" {Fly rC+ rCorr Int-4
                  | Dex+6} (495 gold, have 40).
   651 | D:1      | 651 ||| SHOPLISTING ring of Aprumik {rElec rCorr Str+6
                  | Dex+4} (768 gold, have 40).
   651 | D:1      | 651 ||| SHOPLISTING ring of Fojywam {rElec AC+4 Dex+3} (675
                  | gold, have 40).
   731 | D:1      | 731 ||| UPGRADING to +0 pair of boots.
   736 | D:1      | 736 ||| UPGRADING to +0 ring mail.
   746 | D:1      | 746 ||| DROPPING +0 robe.
   747 | D:1      | 747 ||| UPGRADING to ring of protection from cold.
   748 | D:1      | 748 ||| DROPPING ring of flight.
   749 | D:1      | 749 ||| READING scroll labelled TAFOMO REKELL.
   750 | D:1      | 750 ||| READING scroll labelled UCRERA UCRU.
   794 | D:1      | 794 ||| DROPPING scroll of poison.
   890 | D:2      | Reached XP level 3. HP: 29/29 MP: 3/3
   940 | D:2      | Reached skill level 4 in Ranged Weapons
   979 | D:2      | Reached skill level 1 in Armour
  1269 | D:2      | Reached XP level 4. HP: 36/36 MP: 4/4
  1550 | D:2      | 1550 ||| READING scroll labelled XYTUTO YNTERA.
  1551 | D:2      | 1551 ||| DRINKING 2 murky purple potions.
  1610 | D:3      | Noticed Robin
  1634 | D:3      | Killed Robin
  1676 | D:3      | 1676 ||| FLEEEEING.
  1678 | D:3      | 1678 ||| SWAPPING to +1 heavy sling.
  1680 | D:3      | 1680 ||| FLEEEEING.
  1681 | D:3      | 1681 ||| FLEEEEING.
  1703 | D:3      | 1703 ||| DROPPING +1 sling.
  1773 | D:3      | Found a snail-covered altar of Cheibriados.
  1781 | D:3      | Reached skill level 5 in Ranged Weapons
  1869 | D:3      | Found a runed translucent door.
  1870 | D:3      | Noticed Crazy Yiuf
  2055 | D:3      | Found a runed translucent door.
  2055 | D:3      | Noticed qw's ghost (amateur GrHs)
  2162 | D:3      | Reached skill level 3 in Fighting
  2162 | D:3      | Reached XP level 5. HP: 41/45 MP: 5/5
  2203 | D:3      | 2203 ||| FLEEEEING.
  2415 | D:3      | Found a basalt altar of Yredelemnul.
  2462 | D:3      | 2462 ||| UPGRADING to +0 cloak.
  2467 | D:3      | 2467 ||| UPGRADING to ring of protection from fire.
  2468 | D:3      | 2468 ||| READING scroll labelled MUYNTU GIEKAXILU.
  2469 | D:3      | 2469 ||| READING scroll labelled JIAXZE DALEI.
  2470 | D:3      | 2470 ||| READING scroll labelled YCHAGH JAUS.
  2471 | D:3      | 2471 ||| READING scroll labelled ZUFODU ZUMOL.
  2472 | D:3      | 2472 ||| READING scroll labelled LYIS FEGHOSATS.
  2473 | D:3      | 2473 ||| DRINKING 2 smoky red potions.
  2474 | D:3      | 2474 ||| READING 2 scrolls of identify.
  2474 | D:3      | 2474 ||| IDENTIFYING brown potion
  2475 | D:3      | 2475 ||| DROPPING potion of magic.
  2476 | D:3      | 2476 ||| DROPPING potion of degeneration.
  2506 | D:4      | Found a shadowy altar of Dithmenos.
  2507 | D:4      | 2507 ||| PLANNING OSSUARY
  2517 | D:4      | Reached skill level 6 in Ranged Weapons
  2542 | D:4      | 2542 ||| SWAPPING to +0 arbalest.
  2543 | D:4      | 2543 ||| DROPPING +1 heavy sling.
  2566 | D:4      | Reached XP level 6. HP: 48/51 MP: 6/6
  2626 | D:4      | Found a sand-covered staircase.
  2630 | D:4      | 2630 ||| READING 2 scrolls of identify.
  2630 | D:4      | 2630 ||| IDENTIFYING amethyst potion
  2631 | D:4      | 2631 ||| DROPPING potion of berserk rage.
  2642 | Ossuary  | Entered an ossuary
  2841 | Ossuary  | Reached skill level 7 in Ranged Weapons
  2915 | Ossuary  | Reached XP level 7. HP: 60/60 MP: 7/7
  3272 | Ossuary  | 3272 ||| READING scroll labelled WUTULOSHUM.
  3275 | Ossuary  | 3275 ||| DRINKING 2 glowing orange potions.
  3276 | Ossuary  | 3276 ||| DRINKING 2 fuming orange potions.
  3277 | Ossuary  | 3277 ||| DRINKING 3 dark potions.
  3278 | Ossuary  | 3278 ||| DRINKING 2 blue potions.
  3279 | Ossuary  | 3279 ||| READING 3 scrolls of identify.
  3279 | Ossuary  | 3279 ||| IDENTIFYING fuming clear potion
  3280 | Ossuary  | 3280 ||| DROPPING potion of brilliance.
  3281 | Ossuary  | 3281 ||| DROPPING potion of attraction.
  3296 | D:4      | 3296 ||| PLANNING D:1-11
  3309 | D:4      | 3309 ||| FLEEEEING.
  3453 | D:4      | Reached skill level 8 in Ranged Weapons
  3465 | D:4      | HP: 13/61 [gnoll bouda/+0 whip (11)]
  3466 | D:4      | 3466 ||| DRINKING 2 potions of heal wounds.
  3731 | D:5      | Entered Level 5 of the Dungeon
  3841 | D:5      | Found a bloodstained altar of Trog.
  4430 | D:5      | 4430 ||| READING scroll labelled TYWNEHISAJI.
  4431 | D:5      | 4431 ||| DRINKING 2 bubbling black potions.
  4432 | D:5      | 4432 ||| DRINKING 3 potions of curing.
  4432 | D:5      | 4432 ||| (to cure confusion)
  4433 | D:5      | 4433 ||| READING 3 scrolls of identify.
  4433 | D:5      | 4433 ||| IDENTIFYING yellow potion
  4434 | D:5      | 4434 ||| DROPPING potion of ambrosia.
  4504 | D:6      | Reached skill level 9 in Ranged Weapons
  4504 | D:6      | Reached XP level 8. HP: 53/68 MP: 8/8
  4583 | D:6      | HP: 10/68 [iguana (9)]
  4584 | D:6      | 4584 ||| DRINKING 2 potions of heal wounds.
  4588 | D:6      | Reached skill level 3 in Dodging
  4591 | D:6      | HP: 15/68 [iguana (7)]
  4592 | D:6      | 4592 ||| DRINKING potion of heal wounds.
  4921 | D:6      | Reached skill level 6 in Fighting
  4926 | D:6      | 4926 ||| DRINKING 2 potions of curing.
  4926 | D:6      | 4926 ||| (to cure confusion)
  4928 | D:6      | 4928 ||| DRINKING potion of curing.
  4928 | D:6      | 4928 ||| (to cure confusion)
  5301 | D:6      | Found a staircase to the Ecumenical Temple.
  5302 | D:6      | 5302 ||| PLANNING TEMPLE
  5302 | D:6      | 5302 ||| READING scroll labelled PESEPS SIDDOCW.
  5312 | Temple   | Entered the Ecumenical Temple
  5347 | Temple   | 5347 ||| PLANNING D:1-11
  5422 | D:6      | Found Igedgh's Jewellery Shoppe.
  5554 | D:6      | 5554 ||| BUYING +5 ring of evasion (432 gold).
  5554 | D:6      | Bought a +5 ring of evasion for 432 gold pieces
  5554 | D:6      | 5554 ||| SHOPLISTING ring "Ykucol" {*Corrode rPois rF+ rC++
                  | Str+2} (601 gold, have 38).
  5554 | D:6      | 5554 ||| SHOPLISTING ring of Keman {+Blink rElec rN+ Str+2
                  | SInv} (592 gold, have 38).
  5774 | D:6      | 5774 ||| UPGRADING to +5 ring of evasion.
  5812 | D:7      | Noticed Prince Ribbit
  5818 | D:7      | Slain by a wyvern

Levels and vault maps discovered:
D:1:      dpeg_arrival_three_bigger_balls, layout_basic, chequers_jeans,
          nicolae_shop_unique_rings, minmay_3d_cube
D:2:      layout_loops_ring, chequers_mini_garden
D:3:      layout_loops_ring, slow_altar_1, general_overflow_altar,
          gammafunk_ghost_grave, minmay_quantized, uniq_crazy_yiuf_cottage,
          uniq_robin
D:4:      layout_rooms, grunt_dithmenos_smoke, nicolae_ossuary_entry_ruins
D:5:      layout_basic, trog_three_pillars_becter, nicolae_figureground_pulse
D:6:      layout_loops_corners, minmay_temple_entry_poolview, serial_shops,
          nicolae_shop_peninsula, dreamdust_princess_corridor, minmay_circle_x
D:7:      layout_basic, mainiacjoe_overflow_small_starburst,
          uniq_prince_ribbit1, uniq_joseph
Temple:   nicolae_temple_ecumenical_triangle

Skill      XL: |  1  2  3  4  5  6  7  8 |
---------------+-------------------------+-----
Ranged Weapons | 3 4 5 6 7 9 |  9.8
Fighting       | 2 3 4 5 6 |  6.3
Armour         | 1 2 |  2.2
Dodging        | 3 |  3.6
Spellcasting   | |  1.0
Hexes          | |  2.0

Action                     |  1- 3 |  4- 6 |  7- 9 || total
---------------------------+-------+-------+-------++-------
   Fire: Sling             |   143 |    86 |       ||   229
         Arbalest          |       |    75 |   214 ||   289
    Use: Scroll            |     2 |     8 |     5 ||    15
         Potion            |       |     2 |    11 ||    13
 Armour: Ring mail         |    21 |    23 |    67 ||   111
         Robe              |     3 |       |       ||     3
  Dodge: Dodged            |    56 |    58 |   128 ||   242

Table legend:
 A = Non-vault XP
 B = Vault XP
 C = Vault XP percentage of total XP
 D = Non-vault monster count
 E = Vault monster count
 F = Vault count percentage of total count
                 A         B        C        D         E       F
            +---------+---------+-------+---------+---------+-------
      Total |    1523 |     672 |  30.6 |     117 |      61 |  34.3
            +---------+---------+-------+---------+---------+-------
        D:1 |      30 |       4 |  11.8 |      19 |       2 |   9.5
        D:2 |      74 |       0 |   0.0 |      22 |       0 |   0.0
        D:3 |     106 |      59 |  35.8 |      17 |      16 |  48.5
        D:4 |     548 |       0 |   0.0 |      30 |       0 |   0.0
        D:5 |     165 |       0 |   0.0 |      10 |       0 |   0.0
        D:6 |     600 |     281 |  31.9 |      19 |       6 |  24.0
    Ossuary |       0 |     328 | 100.0 |       0 |      37 | 100.0
            +---------+---------+-------+---------+---------+-------
